Falcons vs Admirals NSH

Created - Sunday, March 01, 2015 at 22:55

Goals
1 2 3 T
Falcons 0 1 1 2
Admirals NSH 0 0 0 0
Shots
1 2 3 T
Falcons 5 8 5 18
Admirals NSH 6 8 9 23

1st period

No Goal

Penalties :
No Penalty

2nd period

1. Falcons , Derek Dorsett 22 (Carl Klingberg) at 4:36

Penalties :
Frazer McLaren (MIL) for Fighting (Major) at 0:42, Chris Thorburn (SPR) for Fighting (Major) at 0:42, Frazer McLaren (MIL) for instigated a fight (Minor) at 0:42, Frazer McLaren (MIL) for instigated a fight (10 Minutes Misconduct) at 0:42, Seth Helgeson (SPR) for Interference (Minor) at 15:09

3rd period

2. Falcons , Jeff Taffe 7 (Austin Watson, Brian Connelly) at 19:41 (Empty Net)

Penalties :
Frazer McLaren (MIL) for Fighting (Major) at 2:25, Chris Thorburn (SPR) for Fighting (Major) at 2:25, Frazer McLaren (MIL) for instigated a fight (Minor) at 2:25, Frazer McLaren (MIL) for instigated a fight (10 Minutes Misconduct) at 2:25

Goalie Stats

Troy Grosenick (SPR), 23 saves from 23 shots - (1.000), W, 36-26-7, 60:00 minutes
Johan Gustafsson (MIL), 16 saves from 17 shots - (0.941), L, 20-47-6, 59:19 minutes

Players Stats for Falcons

Player Name              G  A  P  +/- PIM S  H  SB GA TA FO     MP     PP MP  PK MP  
------------------------------------------------------------------------------------
Austin Watson            0  1  1   1  0   0  4  1  2  1  0/2    20:16   2:52   0:49 
Brian Connelly           0  1  1   1  0   0  0  2  0  0  0/0    23:39   2:11   0:55 
Brian Dumoulin           0  0  0   1  0   1  0  0  0  1  0/0    23:40   1:47   1:04 
Cal O'Reilly             0  0  0   1  0   2  2  0  2  0  0/0    13:30   0:00   0:22 
Carl Klingberg           0  1  1   1  0   3  3  0  1  1  0/1    18:39   0:24   0:48 
Chris Thorburn           0  0  0   1  10  0  3  1  2  0  0/1    16:24   0:00   1:10 
Derek Dorsett            1  0  1   1  0   1  2  0  3  0  0/0    14:57   0:00   0:00 
Jeff Hoggan              0  0  0   0  0   1  2  2  0  1  0/0    19:37   1:50   0:00 
Jeff Taffe               1  0  1   1  0   3  2  0  2  0  4/8    20:28   2:52   0:49 
Joonas Jarvinen          0  0  0   1  0   0  0  1  0  0  0/0    16:18   0:00   1:59 
Jordan Weal              0  0  0   0  0   4  2  0  7  0  6/12   20:43   2:50   0:00 
Matt MacKenzie           0  0  0   0  0   0  1  0  0  1  0/0     9:05   0:00   0:00 
Mitch Callahan           0  0  0   0  0   2  2  0  4  0  2/3    17:51   1:06   0:00 
Nick Shore               0  0  0   0  0   0  2  0  0  0  0/1     7:51   0:00   0:00 
Radek Martinek           0  0  0   0  0   0  0  1  3  0  0/0    24:14   1:47   0:00 
Scott Timmins            0  0  0   0  0   0  0  0  0  1  0/0     2:59   0:00   0:00 
Seth Helgeson            0  0  0   1  2   1  1  1  0  1  0/0    23:37   2:11   0:00 
Victor Rask              0  0  0   0  0   0  0  0  0  0  0/0     4:10   0:00   0:00 

Players Stats for Admirals NSH

Player Name              G  A  P  +/- PIM S  H  SB GA TA FO     MP     PP MP  PK MP  
------------------------------------------------------------------------------------
Adam Cracknell           0  0  0  -1  0   2  1  0  4  1  1/3    18:59   0:23   0:25 
Alexey Marchenko         0  0  0  -1  0   3  0  5  0  1  0/0    22:01   0:44   1:36 
Brody Sutter             0  0  0  -1  0   2  2  1  0  0  3/4    19:29   0:22   0:25 
Cameron Schilling        0  0  0   0  0   0  2  2  2  1  0/0    19:10   0:00   2:22 
Frazer McLaren           0  0  0   0  34  2  1  0  4  0  0/0    10:10   1:14   0:00 
Frederic St. Denis       0  0  0   0  0   0  1  1  0  0  0/0    13:45   0:32   0:00 
Fredrik Claesson         0  0  0  -1  0   4  0  1  0  3  0/0    25:18   0:43   2:22 
Jamie Tardif             0  0  0   0  0   2  3  0  0  1  6/9    19:54   0:42   3:33 
Jyrki Jokipakka          0  0  0  -1  0   1  1  2  0  0  0/0    20:20   1:27   0:00 
Lane MacDermid           0  0  0   0  0   0  1  0  0  0  0/0     5:10   0:00   0:00 
Marcel Noebels           0  0  0  -1  0   0  2  0  2  0  0/1    15:20   0:00   0:00 
Matt Fraser              0  0  0  -1  0   2  2  0  1  0  0/0    15:37   0:44   0:00 
Mike Blunden             0  0  0  -2  0   0  0  0  3  0  3/7    20:56   1:05   3:33 
Nikita Nesterov          0  0  0   0  0   0  0  0  0  0  0/0     8:25   0:32   0:00 
Patrick Mullen           0  0  0  -1  0   2  0  1  3  3  0/0    23:40   0:32   1:36 
Pierre-Cedric Labrie     0  0  0   0  0   1  1  1  0  1  0/1    17:38   0:23   0:00 
Wade Megan               0  0  0   0  0   1  0  0  1  0  1/1     6:59   0:00   0:00 
Zach Hamill              0  0  0   0  0   1  0  0  1  0  2/2    13:09   0:32   0:00 

3 Stars

1 - Troy Grosenick (SPR)
2 - Jeff Taffe (SPR)
3 - Derek Dorsett (SPR)

Power Play

Falcons - 0 on 2 Attempt(s) - 0.00%
Admirals NSH - 0 on 1 Attempt(s) - 0.00%

Penalty Kill

Falcons - 1 on 1 Attempt(s) - 100.00% - Score 0 goal in Penalty Kill
Admirals NSH - 2 on 2 Attempt(s) - 100.00% - Score 0 goal in Penalty Kill

Team Stat

Falcons - Hits : 26 - Faceoff Wins : 12 - Blocked Shots : 9 - Penalty Minutes : 12
Admirals NSH - Hits : 17 - Faceoff Wins : 16 - Blocked Shots : 14 - Penalty Minutes : 34

Official

Referees : Unknown
Linesman : Unknown

Game Notes

Chris Thorburn beats up Frazer McLaren at 0:42 of 2nd period
Frazer McLaren and Chris Thorburn fight to a draw at 2:25 of 3rd period
Jeff Taffe has scored in a empty net!

Finance

Level 1 -- Attendance: 1468 (73.40%) -- Ticket Income $51,380
Level 2 -- Attendance: 772 (77.20%) -- Ticket Income $11,580
Total Attendance: 2240 (74.67%)
Total Ticket Income: $62,960
Other Income: $30,850
Total Income: $93,810

Falcons

5 vs 5 Forward 
   Center                   Left Wing                Right Wing               Time % Phy DF OF 
 1 Jeff Taffe               Chris Thorburn           Austin Watson            35     1   2  2  
 2 Jordan Weal              Jeff Hoggan              Mitch Callahan           30     1   2  2  
 3 Jordan Weal              Jeff Hoggan              Carl Klingberg           22     1   2  2  
 4 Austin Watson            Chris Thorburn           Jeff Taffe               13     1   2  2  

5 vs 5 Defense 
   Defense                  Defense                                           Time % Phy DF OF 
 1 Seth Helgeson            Brian Connelly                                    35     1   2  2  
 2 Brian Dumoulin           Radek Martinek                                    30     1   2  2  
 3 Radek Martinek           Brian Dumoulin                                    22     1   2  2  
 4 Brian Connelly           Radek Martinek                                    13     1   2  2  

PowerPlay Forward 
   Center                   Left Wing                Right Wing               Time % Phy DF OF 
 1 Jeff Taffe               Chris Thorburn           Austin Watson            60     1   2  2  
 2 Jordan Weal              Jeff Hoggan              Mitch Callahan           40     1   2  2  

PowerPlay Defense
   Defense                  Defense                                           Time % Phy DF OF 
 1 Brian Connelly           Seth Helgeson                                     60     1   2  2  
 2 Brian Dumoulin           Radek Martinek                                    40     1   2  2  

Penalty Kill 4 Players Forward 
   Center                   Wing                     Time % Phy DF OF 
 1 Jeff Taffe               Austin Watson            60     1   2  2  
 2 Chris Thorburn           Jordan Weal              40     1   2  2  

Penalty Kill 4 Players Defense
   Defense                  Defense                  Time % Phy DF OF 
 1 Brian Connelly           Seth Helgeson            60     1   2  2  
 2 Brian Dumoulin           Radek Martinek           40     1   2  2  

Penalty Kill - 3 Players Forward 
   Forward                                           Time % Phy DF OF 
 1 Jeff Taffe                                        60     1   2  2  
 2 Austin Watson                                     40     1   2  2  

Penalty Kill - 3 Players Defense
   Defense                  Defense                  Time % Phy DF OF 
 1 Brian Connelly           Seth Helgeson            60     1   2  2  
 2 Brian Dumoulin           Radek Martinek           40     1   2  2  

4 vs 4 Forward 
   Center                   Wing                     Time % Phy DF OF 
 1 Jeff Taffe               Austin Watson            60     1   2  2  
 2 Chris Thorburn           Jeff Hoggan              40     1   2  2  

4 vs 4 Defense
   Defense                  Defense                  Time % Phy DF OF 
 1 Brian Connelly           Seth Helgeson            60     1   2  2  
 2 Brian Dumoulin           Radek Martinek           40     1   2  2  

Last Minutes Offensive
   Center                   Left Wing                Right Wing               Defense                  Defense                  
   Jeff Taffe               Chris Thorburn           Austin Watson            Brian Connelly           Brian Dumoulin           

Last Minutes Defensive
   Center                   Left Wing                Right Wing               Defense                  Defense                  
   Jeff Taffe               Chris Thorburn           Austin Watson            Brian Connelly           Brian Dumoulin           

Goaltenders
Starting : Troy Grosenick           
Backup : Matt Climie              

Extra Forwards
Normal : Jordan Weal, Jeff Hoggan, Carl Klingberg - PP : Jordan Weal, Jeff Hoggan - PK : Carl Klingberg
Extra Defensemen
Normal : Brian Connelly, Radek Martinek, Brian Dumoulin - PP : Radek Martinek - PK : Radek Martinek, Brian Dumoulin
Penalty Shots
Jeff Taffe, Austin Watson, Chris Thorburn, Carl Klingberg, Jordan Weal

Admirals NSH

5 vs 5 Forward 
   Center                   Left Wing                Right Wing               Time % Phy DF OF 
 1 Jamie Tardif             Mike Blunden             Adam Cracknell           25     1   2  2  
 2 Brody Sutter             Frazer McLaren           Pierre-Cedric Labrie     25     1   2  2  
 3 Mike Blunden             Brody Sutter             Jamie Tardif             25     1   2  2  
 4 Mike Blunden             Marcel Noebels           Brody Sutter             25     1   2  2  

5 vs 5 Defense 
   Defense                  Defense                                           Time % Phy DF OF 
 1 Fredrik Claesson         Jyrki Jokipakka                                   30     1   2  2  
 2 Patrick Mullen           Alexey Marchenko                                  28     1   2  2  
 3 Fredrik Claesson         Cameron Schilling                                 21     1   2  2  
 4 Fredrik Claesson         Patrick Mullen                                    21     1   2  2  

PowerPlay Forward 
   Center                   Left Wing                Right Wing               Time % Phy DF OF 
 1 Mike Blunden             Frazer McLaren           Adam Cracknell           50     1   2  2  
 2 Brody Sutter             Jamie Tardif             Pierre-Cedric Labrie     50     1   2  2  

PowerPlay Defense
   Defense                  Defense                                           Time % Phy DF OF 
 1 Fredrik Claesson         Jyrki Jokipakka                                   50     1   2  2  
 2 Patrick Mullen           Alexey Marchenko                                  50     1   2  2  

Penalty Kill 4 Players Forward 
   Center                   Wing                     Time % Phy DF OF 
 1 Mike Blunden             Jamie Tardif             60     1   2  2  
 2 Frazer McLaren           Brody Sutter             40     1   2  2  

Penalty Kill 4 Players Defense
   Defense                  Defense                  Time % Phy DF OF 
 1 Fredrik Claesson         Cameron Schilling        60     1   2  2  
 2 Patrick Mullen           Alexey Marchenko         40     1   2  2  

Penalty Kill - 3 Players Forward 
   Forward                                           Time % Phy DF OF 
 1 Brody Sutter                                      60     1   2  2  
 2 Mike Blunden                                      40     1   2  2  

Penalty Kill - 3 Players Defense
   Defense                  Defense                  Time % Phy DF OF 
 1 Fredrik Claesson         Cameron Schilling        60     1   2  2  
 2 Patrick Mullen           Alexey Marchenko         40     1   2  2  

4 vs 4 Forward 
   Center                   Wing                     Time % Phy DF OF 
 1 Jamie Tardif             Mike Blunden             60     1   2  2  
 2 Adam Cracknell           Brody Sutter             40     1   2  2  

4 vs 4 Defense
   Defense                  Defense                  Time % Phy DF OF 
 1 Fredrik Claesson         Jyrki Jokipakka          60     1   2  2  
 2 Patrick Mullen           Alexey Marchenko         40     1   2  2  

Last Minutes Offensive
   Center                   Left Wing                Right Wing               Defense                  Defense                  
   Brody Sutter             Mike Blunden             Adam Cracknell           Fredrik Claesson         Jyrki Jokipakka          

Last Minutes Defensive
   Center                   Left Wing                Right Wing               Defense                  Defense                  
   Brody Sutter             Mike Blunden             Adam Cracknell           Fredrik Claesson         Jyrki Jokipakka          

Goaltenders
Starting : Johan Gustafsson         
Backup : Jeremy Smith             

Extra Forwards
Normal : Jamie Tardif, Brody Sutter, Mike Blunden - PP : Jamie Tardif, Brody Sutter - PK : Brody Sutter
Extra Defensemen
Normal : Fredrik Claesson, Cameron Schilling, Patrick Mullen - PP : Fredrik Claesson - PK : Cameron Schilling, Patrick Mullen
Penalty Shots
Pierre-Cedric Labrie, Jamie Tardif, Frazer McLaren, Brody Sutter, Mike Blunden

% Time on Ice - Falcons

Lines # - Real PCT - Wanted PCT - Time Play
Normal Forward
1 - 39% - 35% - 21:05
2 - 28% - 30% - 15:05
3 - 21% - 22% - 11:19
4 - 11% - 13% - 6:04
Normal Defense
1 - 42% - 35% - 22:41
2 - 28% - 30% - 15:00
3 - 20% - 22% - 10:35
4 - 10% - 13% - 5:17
PP Forward
1 - 72% - 60% - 2:52
2 - 28% - 40% - 1:06
PP Defense
1 - 55% - 60% - 2:11
2 - 45% - 40% - 1:47
PK Forward
1 - 100% - 60% - 1:59
2 - 0% - 40% - 0:00
PK Defense
1 - 100% - 60% - 1:59
2 - 0% - 40% - 0:00
PK3 Forward
1 - 0% - 60%
2 - 0% - 40%
PK3 Defense
1 - 0% - 60%
2 - 0% - 40%
44 Forward
1 - 0% - 60%
2 - 0% - 40%
44 Defense
1 - 0% - 60%
2 - 0% - 40%
Last Minute Offensive  - 0:00
Last Minute Defensive  - 0:30
Total
Forward - 60:00
Defense - 60:00

% Time on Ice - Admirals NSH

Lines # - Real PCT - Wanted PCT - Time Play
Normal Forward
1 - 15% - 25% - 8:11
2 - 54% - 25% - 28:36
3 - 13% - 25% - 6:52
4 - 18% - 25% - 9:48
Normal Defense
1 - 34% - 30% - 18:17
2 - 27% - 28% - 14:24
3 - 24% - 21% - 12:39
4 - 15% - 21% - 8:07
PP Forward
1 - 100% - 50% - 1:59
2 - 0% - 50% - 0:00
PP Defense
1 - 73% - 50% - 1:27
2 - 27% - 50% - 0:32
PK Forward
1 - 89% - 60% - 3:33
2 - 11% - 40% - 0:25
PK Defense
1 - 60% - 60% - 2:22
2 - 40% - 40% - 1:36
PK3 Forward
1 - 0% - 60%
2 - 0% - 40%
PK3 Defense
1 - 0% - 60%
2 - 0% - 40%
44 Forward
1 - 0% - 60%
2 - 0% - 40%
44 Defense
1 - 0% - 60%
2 - 0% - 40%
Last Minute Offensive  - 0:36
Last Minute Defensive  - 0:00
Total
Forward - 60:00
Defense - 60:00

Play by Play

1st period


0:01 of 1st period - Jeff Taffe wins face-off versus Jamie Tardif in neutral zone.
0:27 of 1st period - Seth Helgeson is hit by Jyrki Jokipakka and loses puck.
0:59 of 1st period - Slapshot by Radek Martinek.
0:59 of 1st period - Shot Blocked by Jyrki Jokipakka.
1:01 of 1st period - Snap shot by Jeff Hoggan.
1:01 of 1st period - Deflect By Jordan Weal.
1:01 of 1st period - Stopped by Johan Gustafsson with a rebound.
1:03 of 1st period - Wrist shot by Mitch Callahan.
1:03 of 1st period - Shot Blocked by Pierre-Cedric Labrie.
1:22 of 1st period - Wrist shot by Jeff Hoggan.
1:22 of 1st period - Stopped by Johan Gustafsson with a rebound.
1:24 of 1st period - Wrist shot by Jordan Weal.
1:24 of 1st period - Stopped by Johan Gustafsson with a rebound.
1:40 of 1st period - Slapshot by Radek Martinek.
1:40 of 1st period - Shot Blocked by Alexey Marchenko.
1:59 of 1st period - Icing by Jeff Taffe.
2:00 of 1st period - Jamie Tardif wins face-off versus Austin Watson in Falcons zone.
2:53 of 1st period - Austin Watson is hit by Jamie Tardif and loses puck.
2:58 of 1st period - Wrist shot by Frazer McLaren.
2:58 of 1st period - Shot Misses the Net.
3:00 of 1st period - Slapshot by Fredrik Claesson.
3:00 of 1st period - Stopped by Troy Grosenick with a rebound.
4:53 of 1st period - Jyrki Jokipakka is hit by Carl Klingberg and loses puck.
6:16 of 1st period - Snap shot by Mike Blunden.
6:16 of 1st period - Deflect By Matt Fraser.
6:16 of 1st period - Stopped by Troy Grosenick without a rebound.
6:17 of 1st period - Mike Blunden wins face-off versus Jordan Weal in Falcons zone.
6:34 of 1st period - Wrist shot by Frazer McLaren.
6:34 of 1st period - Stopped by Troy Grosenick with a rebound.
6:36 of 1st period - Slapshot by Jyrki Jokipakka.
6:36 of 1st period - Stopped by Troy Grosenick without a rebound.
6:37 of 1st period - Jordan Weal wins face-off versus Pierre-Cedric Labrie in Falcons zone.
7:06 of 1st period - Marcel Noebels is hit by Chris Thorburn and loses puck.
8:26 of 1st period - Patrick Mullen is hit by Jordan Weal and loses puck.
9:41 of 1st period - Slapshot by Jordan Weal.
9:41 of 1st period - Stopped by Johan Gustafsson with a rebound.
10:00 of 1st period - Wrist shot by Pierre-Cedric Labrie.
10:00 of 1st period - Stopped by Troy Grosenick with a rebound.
11:02 of 1st period - Slapshot by Cameron Schilling.
11:02 of 1st period - Deflect By Mike Blunden.
11:02 of 1st period - Shot Misses the Net.
11:02 of 1st period - Puck is out of play.
11:03 of 1st period - Jordan Weal wins face-off versus Mike Blunden in Falcons zone.
11:49 of 1st period - Icing by Frazer McLaren.
11:50 of 1st period - Jordan Weal wins face-off versus Adam Cracknell in Admirals NSH zone.
12:22 of 1st period - Cameron Schilling is hit by Chris Thorburn and loses puck.
12:51 of 1st period - Alexey Marchenko is hit by Derek Dorsett and loses puck.
13:48 of 1st period - Snap shot by Matt Fraser.
13:48 of 1st period - Stopped by Troy Grosenick with a rebound.
14:14 of 1st period - Cameron Schilling is hit by Chris Thorburn and loses puck.
17:58 of 1st period - Jordan Weal is hit by Frazer McLaren and loses puck.
19:01 of 1st period - Snap shot by Nick Shore.
19:01 of 1st period - Shot Blocked by Frederic St. Denis.
19:03 of 1st period - Snap shot by Cal O'Reilly.
19:03 of 1st period - Stopped by Johan Gustafsson with a rebound.
19:41 of 1st period - Austin Watson is hit by Brody Sutter.
19:45 of 1st period - Patrick Mullen is hit by Matt MacKenzie and loses puck.
Goals for this period are 0 for Falcons vs 0 for Admirals NSH.
Shots for this period are 5 for Falcons vs 6 for Admirals NSH.

2nd period


0:01 of 2nd period - Jordan Weal wins face-off versus Jamie Tardif in neutral zone.
0:18 of 2nd period - Wrist shot by Adam Cracknell.
0:18 of 2nd period - Deflect By Jamie Tardif.
0:18 of 2nd period - Shot Misses the Net.
0:18 of 2nd period - Puck is out of play.
0:19 of 2nd period - Jamie Tardif wins face-off versus Jordan Weal in Falcons zone.
0:25 of 2nd period - Backhand shot by Mike Blunden.
0:25 of 2nd period - Shot Misses the Net.
0:27 of 2nd period - Snap shot by Mike Blunden.
0:27 of 2nd period - Shot Blocked by Jeff Hoggan.
0:29 of 2nd period - Snap shot by Mike Blunden.
0:29 of 2nd period - Shot Misses the Net.
0:31 of 2nd period - Wrist shot by Mike Blunden.
0:31 of 2nd period - Shot Misses the Net.
0:33 of 2nd period - Wrist shot by Mike Blunden.
0:33 of 2nd period - Shot Blocked by Jeff Hoggan.
0:39 of 2nd period - Snap shot by Adam Cracknell.
0:39 of 2nd period - Stopped by Troy Grosenick without a rebound.
0:40 of 2nd period - Brody Sutter wins face-off versus Austin Watson in Falcons zone.
0:42 of 2nd period - Chris Thorburn beats up Frazer McLaren.
0:42 of 2nd period - Penalty to Frazer McLaren for Fighting.
0:42 of 2nd period - Penalty to Chris Thorburn for Fighting.
0:42 of 2nd period - Penalty to Frazer McLaren for instigated a fight.
0:42 of 2nd period - Penalty to Frazer McLaren for instigated a fight.
0:43 of 2nd period - Jeff Taffe wins face-off versus Mike Blunden in Falcons zone.
0:52 of 2nd period - Austin Watson is hit by Cameron Schilling and loses puck.
0:59 of 2nd period - Slapshot by Mike Blunden.
0:59 of 2nd period - Shot Misses the Net.
1:01 of 2nd period - Wrist shot by Jamie Tardif.
1:01 of 2nd period - Stopped by Troy Grosenick with a rebound.
1:03 of 2nd period - Snap shot by Fredrik Claesson.
1:03 of 2nd period - Deflect By Brian Connelly.
1:03 of 2nd period - Stopped by Troy Grosenick with a rebound.
1:05 of 2nd period - Slapshot by Fredrik Claesson.
1:05 of 2nd period - Stopped by Troy Grosenick without a rebound.
1:06 of 2nd period - Jeff Taffe wins face-off versus Mike Blunden in Falcons zone.
1:13 of 2nd period - Wrist shot by Jeff Taffe.
1:13 of 2nd period - Stopped by Johan Gustafsson with a rebound.
1:31 of 2nd period - Jeff Taffe is hit by Jamie Tardif and loses puck.
1:54 of 2nd period - Jeff Hoggan is hit by Jamie Tardif.
2:13 of 2nd period - Icing by Radek Martinek.
2:14 of 2nd period - Mitch Callahan wins face-off versus Mike Blunden in Falcons zone.
2:42 of 2nd period - Penalty to Frazer McLaren is over, Matt Fraser is send on ice.
3:40 of 2nd period - Fredrik Claesson is hit by Jeff Taffe and loses puck.
4:04 of 2nd period - Snap shot by Derek Dorsett.
4:04 of 2nd period - Shot Blocked by Fredrik Claesson.
4:31 of 2nd period - Marcel Noebels is hit by Derek Dorsett and loses puck.
4:36 of 2nd period - Snap shot by Derek Dorsett.
4:36 of 2nd period - Deflect By Patrick Mullen.
4:36 of 2nd period - Goal by Derek Dorsett - Falcons : 1 - Admirals NSH : 0.
4:37 of 2nd period - Jamie Tardif wins face-off versus Mitch Callahan in neutral zone.
5:20 of 2nd period - Cameron Schilling is hit by Carl Klingberg and loses puck.
6:49 of 2nd period - Slapshot by Alexey Marchenko.
6:49 of 2nd period - Shot Misses the Net.
6:51 of 2nd period - Wrist shot by Jamie Tardif.
6:51 of 2nd period - Stopped by Troy Grosenick with a rebound.
6:53 of 2nd period - Wrist shot by Mike Blunden.
6:53 of 2nd period - Shot Blocked by Brian Connelly.
6:55 of 2nd period - Backhand shot by Jamie Tardif.
6:55 of 2nd period - Shot Misses the Net.
7:40 of 2nd period - Marcel Noebels is hit by Cal O'Reilly and loses puck.
8:22 of 2nd period - Cal O'Reilly is hit by Frederic St. Denis and loses puck.
8:45 of 2nd period - Snap shot by Austin Watson.
8:45 of 2nd period - Shot Blocked by Alexey Marchenko.
8:47 of 2nd period - Slapshot by Brian Connelly.
8:47 of 2nd period - Shot Blocked by Alexey Marchenko.
8:49 of 2nd period - Slapshot by Brian Connelly.
8:49 of 2nd period - Deflect By Jeff Taffe.
8:49 of 2nd period - Stopped by Johan Gustafsson with a rebound.
8:51 of 2nd period - Slapshot by Seth Helgeson.
8:51 of 2nd period - Stopped by Johan Gustafsson with a rebound.
8:53 of 2nd period - Snap shot by Carl Klingberg.
8:53 of 2nd period - Stopped by Johan Gustafsson with a rebound.
8:55 of 2nd period - Snap shot by Seth Helgeson.
8:55 of 2nd period - Shot Misses the Net.
9:07 of 2nd period - Brody Sutter is hit by Jeff Hoggan and loses puck.
9:16 of 2nd period - Snap shot by Cal O'Reilly.
9:16 of 2nd period - Stopped by Johan Gustafsson with a rebound.
9:41 of 2nd period - Snap shot by Pierre-Cedric Labrie.
9:41 of 2nd period - Shot Blocked by Seth Helgeson.
9:43 of 2nd period - Snap shot by Adam Cracknell.
9:43 of 2nd period - Stopped by Troy Grosenick with a rebound.
9:45 of 2nd period - Slapshot by Fredrik Claesson.
9:45 of 2nd period - Shot Blocked by Chris Thorburn.
9:57 of 2nd period - Seth Helgeson is hit by Marcel Noebels and loses puck.
10:06 of 2nd period - Snap shot by Patrick Mullen.
10:06 of 2nd period - Stopped by Troy Grosenick without a rebound.
10:07 of 2nd period - Zach Hamill wins face-off versus Jordan Weal in Falcons zone.
11:48 of 2nd period - Icing by Jeff Taffe.
11:49 of 2nd period - Jeff Taffe wins face-off versus Adam Cracknell in Falcons zone.
12:22 of 2nd period - Snap shot by Patrick Mullen.
12:22 of 2nd period - Deflect By Wade Megan.
12:22 of 2nd period - Shot Misses the Net.
12:22 of 2nd period - Puck is out of play.
12:23 of 2nd period - Wade Megan wins face-off versus Jordan Weal in Falcons zone.
13:29 of 2nd period - Jamie Tardif is hit by Mitch Callahan and loses puck.
14:39 of 2nd period - Snap shot by Wade Megan.
14:39 of 2nd period - Stopped by Troy Grosenick with a rebound.
14:45 of 2nd period - Snap shot by Matt Fraser.
14:45 of 2nd period - Shot Blocked by Radek Martinek.
15:07 of 2nd period - Snap shot by Adam Cracknell.
15:07 of 2nd period - Shot Misses the Net.
15:09 of 2nd period - Minor Penalty to Seth Helgeson for Interference.
15:10 of 2nd period - Mike Blunden wins face-off versus Jeff Taffe in Falcons zone.
15:38 of 2nd period - Pierre-Cedric Labrie is hit by Jeff Taffe and loses puck.
15:42 of 2nd period - 10 Minutes Misconduct Penalty to Frazer McLaren is over.
16:37 of 2nd period - Wrist shot by Frazer McLaren.
16:37 of 2nd period - Shot Blocked by Joonas Jarvinen.
17:09 of 2nd period - Penalty to Seth Helgeson is over, Seth Helgeson is back on ice.
17:26 of 2nd period - Snap shot by Jeff Hoggan.
17:26 of 2nd period - Shot Misses the Net.
17:39 of 2nd period - Snap shot by Jordan Weal.
17:39 of 2nd period - Stopped by Johan Gustafsson with a rebound.
18:01 of 2nd period - Slapshot by Jordan Weal.
18:01 of 2nd period - Shot Blocked by Cameron Schilling.
19:33 of 2nd period - Wrist shot by Mitch Callahan.
19:33 of 2nd period - Shot Blocked by Alexey Marchenko.
19:35 of 2nd period - Slapshot by Mitch Callahan.
19:35 of 2nd period - Stopped by Johan Gustafsson without a rebound.
19:36 of 2nd period - Zach Hamill wins face-off versus Jordan Weal in Admirals NSH zone.
19:47 of 2nd period - Brian Connelly is hit by Matt Fraser and loses puck.
Goals for this period are 1 for Falcons vs 0 for Admirals NSH.
Shots for this period are 8 for Falcons vs 8 for Admirals NSH.

3rd period


0:01 of 3rd period - Jamie Tardif wins face-off versus Chris Thorburn in neutral zone.
0:25 of 3rd period - Slapshot by Fredrik Claesson.
0:25 of 3rd period - Stopped by Troy Grosenick with a rebound.
0:27 of 3rd period - Wrist shot by Adam Cracknell.
0:27 of 3rd period - Deflect By Mike Blunden.
0:27 of 3rd period - Shot Blocked by Austin Watson.
0:27 of 3rd period - Puck is out of play.
0:28 of 3rd period - Brody Sutter wins face-off versus Carl Klingberg in Falcons zone.
0:29 of 3rd period - Snap shot by Pierre-Cedric Labrie.
0:29 of 3rd period - Shot Misses the Net.
0:31 of 3rd period - Snap shot by Patrick Mullen.
0:31 of 3rd period - Stopped by Troy Grosenick with a rebound.
0:33 of 3rd period - Wrist shot by Alexey Marchenko.
0:33 of 3rd period - Deflect By Carl Klingberg.
0:33 of 3rd period - Stopped by Troy Grosenick without a rebound.
0:34 of 3rd period - Jordan Weal wins face-off versus Brody Sutter in Falcons zone.
0:51 of 3rd period - Snap shot by Frazer McLaren.
0:51 of 3rd period - Shot Misses the Net.
0:53 of 3rd period - Snap shot by Brody Sutter.
0:53 of 3rd period - Stopped by Troy Grosenick with a rebound.
0:55 of 3rd period - Slapshot by Alexey Marchenko.
0:55 of 3rd period - Stopped by Troy Grosenick without a rebound.
0:56 of 3rd period - Jamie Tardif wins face-off versus Jeff Taffe in Falcons zone.
1:27 of 3rd period - Jamie Tardif is hit by Austin Watson and loses puck.
1:50 of 3rd period - Jeff Hoggan is hit by Brody Sutter and loses puck.
1:57 of 3rd period - Snap shot by Frazer McLaren.
1:57 of 3rd period - Shot Blocked by Brian Connelly.
2:13 of 3rd period - Patrick Mullen is hit by Carl Klingberg and loses puck.
2:25 of 3rd period - Frazer McLaren and Chris Thorburn fight to a draw.
2:25 of 3rd period - Penalty to Frazer McLaren for Fighting.
2:25 of 3rd period - Penalty to Chris Thorburn for Fighting.
2:25 of 3rd period - Penalty to Frazer McLaren for instigated a fight.
2:25 of 3rd period - Penalty to Frazer McLaren for instigated a fight.
2:26 of 3rd period - Mike Blunden wins face-off versus Jeff Taffe in Admirals NSH zone.
3:02 of 3rd period - Cameron Schilling is hit by Seth Helgeson and loses puck.
3:23 of 3rd period - Jamie Tardif is hit by Jordan Weal.
3:58 of 3rd period - Alexey Marchenko is hit by Austin Watson and loses puck.
4:25 of 3rd period - Penalty to Frazer McLaren is over, Matt Fraser is send on ice.
4:25 of 3rd period - Patrick Mullen is hit by Jeff Hoggan and loses puck.
4:30 of 3rd period - Wrist shot by Jordan Weal.
4:30 of 3rd period - Shot Blocked by Alexey Marchenko.
4:51 of 3rd period - Snap shot by Derek Dorsett.
4:51 of 3rd period - Shot Blocked by Brody Sutter.
4:53 of 3rd period - Slapshot by Brian Dumoulin.
4:53 of 3rd period - Stopped by Johan Gustafsson with a rebound.
5:06 of 3rd period - Matt Fraser is hit by Austin Watson and loses puck.
5:37 of 3rd period - Jyrki Jokipakka is hit by Mitch Callahan and loses puck.
10:36 of 3rd period - Nick Shore is hit by Pierre-Cedric Labrie and loses puck.
10:49 of 3rd period - Fredrik Claesson is hit by Nick Shore and loses puck.
11:21 of 3rd period - Adam Cracknell is hit by Nick Shore and loses puck.
11:36 of 3rd period - Snap shot by Carl Klingberg.
11:36 of 3rd period - Shot Misses the Net.
11:38 of 3rd period - Snap shot by Carl Klingberg.
11:38 of 3rd period - Stopped by Johan Gustafsson with a rebound.
11:40 of 3rd period - Wrist shot by Carl Klingberg.
11:40 of 3rd period - Shot Blocked by Jyrki Jokipakka.
11:46 of 3rd period - Slapshot by Jordan Weal.
11:46 of 3rd period - Shot Misses the Net.
11:48 of 3rd period - Snap shot by Brian Connelly.
11:48 of 3rd period - Shot Misses the Net.
12:11 of 3rd period - Mike Blunden is hit by Cal O'Reilly and loses puck.
12:32 of 3rd period - Slapshot by Mitch Callahan.
12:32 of 3rd period - Deflect By Chris Thorburn.
12:32 of 3rd period - Shot Misses the Net.
12:32 of 3rd period - Puck is out of play.
12:33 of 3rd period - Adam Cracknell wins face-off versus Nick Shore in Admirals NSH zone.
12:51 of 3rd period - Jordan Weal is hit by Adam Cracknell.
13:39 of 3rd period - Jamie Tardif is hit by Austin Watson and loses puck.
14:04 of 3rd period - Austin Watson is hit by Cameron Schilling and loses puck.
14:11 of 3rd period - Snap shot by Nikita Nesterov.
14:11 of 3rd period - Shot Hit the Post.
14:13 of 3rd period - Snap shot by Zach Hamill.
14:13 of 3rd period - Stopped by Troy Grosenick with a rebound.
14:15 of 3rd period - Slapshot by Patrick Mullen.
14:15 of 3rd period - Shot Misses the Net.
14:41 of 3rd period - Snap shot by Jordan Weal.
14:41 of 3rd period - Shot Blocked by Patrick Mullen.
14:43 of 3rd period - Snap shot by Carl Klingberg.
14:43 of 3rd period - Shot Blocked by Cameron Schilling.
14:45 of 3rd period - Wrist shot by Carl Klingberg.
14:45 of 3rd period - Stopped by Johan Gustafsson with a rebound.
15:17 of 3rd period - Jeff Hoggan is hit by Matt Fraser and loses puck.
15:47 of 3rd period - Icing by Jyrki Jokipakka.
15:48 of 3rd period - Jordan Weal wins face-off versus Jamie Tardif in Admirals NSH zone.
16:20 of 3rd period - Snap shot by Cameron Schilling.
16:20 of 3rd period - Deflect By Brody Sutter.
16:20 of 3rd period - Stopped by Troy Grosenick with a rebound.
16:50 of 3rd period - Wrist shot by Mitch Callahan.
16:50 of 3rd period - Stopped by Johan Gustafsson with a rebound.
17:04 of 3rd period - Radek Martinek is hit by Marcel Noebels and loses puck.
17:25 of 3rd period - 10 Minutes Misconduct Penalty to Frazer McLaren is over.
17:51 of 3rd period - Snap shot by Austin Watson.
17:51 of 3rd period - Shot Misses the Net.
18:13 of 3rd period - Scott Timmins is hit by Lane MacDermid and loses puck.
18:20 of 3rd period - Wrist shot by Frazer McLaren.
18:20 of 3rd period - Stopped by Troy Grosenick without a rebound.
18:21 of 3rd period - Mitch Callahan wins face-off versus Marcel Noebels in Falcons zone.
18:56 of 3rd period - Snap shot by Matt Fraser.
18:56 of 3rd period - Shot Hit the Post.
18:58 of 3rd period - Snap shot by Alexey Marchenko.
18:58 of 3rd period - Stopped by Troy Grosenick without a rebound.
18:59 of 3rd period - Mark Morris call a timeout for Admirals NSH.
18:59 of 3rd period - Jamie Tardif wins face-off versus Jeff Taffe in Falcons zone.
19:00 of 3rd period - Admirals NSH, Johan Gustafsson is pulled from the net.
19:39 of 3rd period - Snap shot by Austin Watson.
19:39 of 3rd period - Shot Misses the Net.
19:41 of 3rd period - Wrist shot by Jeff Taffe.
19:41 of 3rd period - Goal by Jeff Taffe - Falcons : 2 - Admirals NSH : 0.
19:41 of 3rd period - Johan Gustafsson from Admirals NSH was sent back in the game.
19:42 of 3rd period - Brody Sutter wins face-off versus Jordan Weal in neutral zone.
19:58 of 3rd period - Wrist shot by Pierre-Cedric Labrie.
19:58 of 3rd period - Shot Misses the Net.
Goals for this period are 1 for Falcons vs 0 for Admirals NSH.
Shots for this period are 5 for Falcons vs 9 for Admirals NSH.


Output by the SimonT Hockey Simulator (STHS) for Eric Dolegowski -- Original Page W3C XHTML 1.0 Valid
Hockey Simulator - Hockey Simulation - Hockey Manager